 Dungeon Crawl Stone Soup version 0.31-a0-986-g5e6e4ef867 (webtiles) character file.

Game seed: 7236489551879555724

79 promet the Sneak (level 4, -1/23 HPs)
             Began as a Vine Stalker Brigand on Nov 15, 2023.
             Killed from afar by Natasha (8 damage)
             ... with a puff of flame
             ... on level 2 of the Dungeon on Nov 16, 2023.
             The game lasted 00:14:01 (1915 turns).

promet the Sneak (Vine Stalker Brigand)             Turns: 1915, Time: 00:14:02

Health: -1/23      AC:  3    Str: 19    XL:     4   Next: 38%
Magic:  0/5        EV: 12    Int: 13    God:
Gold:   82         SH:  0    Dex: 16    Spells: 3/3 levels left

rFire   . . .        a - +2 dagger
rCold   . . .        (no shield)
rNeg    . . .        b - +0 robe
rPois   .            (no helmet)
rElec   .            c - +0 cloak
rCorr   .            (no gloves)
SInv    .            (no boots)
Will    .....        (no amulet)
Stlth   +++          j - +6 ring of strength
HPRegen 1.03/turn    (no ring)
MPRegen 0.09/turn

%: guardian spirit
@: no status effects
A: fangs 2, regeneration 1, magic shield, antimagic bite, no potion heal 2
a: no special abilities


You were on level 2 of the Dungeon.
You visited 1 branch of the dungeon, and saw 2 of its levels.

You collected 82 gold pieces.

Inventory:

Hand Weapons
 a - a +2 dagger (weapon)
 g - a +0 spear
Missiles
 d - 14 poisoned darts (quivered)
 e - 3 curare-tipped darts
 f - 32 stones
Armour
 b - a +0 robe (worn)
 c - a +0 cloak (worn)
Jewellery
 i - a ring of fire
 j - a +6 ring of strength (left hand)
Scrolls
 l - a scroll of enchant weapon {unknown}
 m - a scroll of fog {unknown}
 n - 3 scrolls of teleportation {unknown}
 o - a scroll of silence {unknown}
 p - a scroll of identify
Potions
 h - a potion of haste
 k - a potion of brilliance {unknown}


   Skills:
 * Level 2.1 Fighting
 + Level 2.0 Short Blades
 + Level 2.0 Throwing
 + Level 1.2 Dodging
 + Level 6.5 Stealth


You had 3 spell levels left.
You didn't know any spells.
Your spell library contained the following spells:

 Spells                   Type           Power      Damage    Failure   Level
 Cigotuvi's Dreadful Rot  Necr/Pois/Air  0%         N/A       43%         2
 Ignite Poison            Fire/Tmut/Pois 0%         N/A       67%         3
 Freezing Cloud           Conj/Ice/Air   0%         6-21      100%        5


Dungeon Overview and Level Annotations

Branches:
Dungeon (2/15)

Altars:

Shops:
D:1 ((

Annotations:
D:2 Natasha


Innate Abilities, Weirdness & Mutations

You have extremely sharp teeth.
Your natural rate of healing is unusually fast.
When hurt, damage is shared between your health and your magic reserves.
Your bite disrupts and absorbs the magic of your enemies.
Potions cannot restore your health.


Message History

a +0 club; a +0 robe; the human corpse of Jessica
d - 12 poisoned darts (gained 1)
Things that are here:
a +0 club; a +0 robe; the human corpse of Jessica
d - 13 poisoned darts (gained 1)
d - 14 poisoned darts (gained 1)
There is a shaft here.
Welcome back, promet the Vine Stalker Brigand.
Press ? for a list of commands and other information.
A giant cockroach comes into view.
The giant cockroach bites you but does no damage.
You completely miss the giant cockroach.
You bite the giant cockroach, but do no damage.
The giant cockroach closely misses you.
You hit the giant cockroach.
You kill the giant cockroach!
No target in view!
Found a ring mail.
You see here a +0 ring mail.
f - 32 stones (gained 2)
You see here a +0 short sword.
An endoplasm comes into view.
The helpless endoplasm fails to defend itself.
You impale the endoplasm!!
You kill the endoplasm!
Natasha, Servant of Life and Death comes into view.
She is carrying a wand of flame.
Natasha hisses angrily.
Natasha mumbles some strange words.
Found 5 boomerangs.
Natasha zaps a wand.
The puff of flame hits you! Natasha claws you but does no damage.
You miss Natasha. Your bite misses Natasha.
The cerulean imp hits you from afar with a +2 spear.
You closely miss Natasha. Your bite misses Natasha. Natasha claws you.
The cerulean imp hits you from afar with a +2 spear!
* * * LOW HITPOINT WARNING * * *
You hit Natasha. You bite Natasha, but do no damage.
Natasha is lightly wounded.
Natasha zaps a wand.
The puff of flame hits you!
You die...
Natasha curls up and begins to purr.

##.# #.# ##<#
...# .####
....# # ###.#
##. #.#
##...#####
#.#
#...5h@..#
#.#
##(..###.#
#.# ##. #.#
#.###########
#.#
#...........#
##.########
#..########.#
#..........
#..# #.#
#..########
#..# #.# #..#
#..# #.#
#..########


You could see Natasha and a cerulean imp (summoned).

Vanquished Creatures
  Jessica (D:2)
  An adder (D:2)
  A dart slug (D:1)
  4 ball pythons
  A bat (D:1)
  6 endoplasms
  5 giant cockroaches
  3 goblins (D:1)
  2 hobgoblins (D:1)
  2 quokkas
  2 frilled lizards (D:1)
  7 kobolds
  3 rats
38 creatures vanquished.

Notes
Turn   | Place    | Note
-------+----------+-------------------------------------------
     0 | D:1      | promet the Vine Stalker Brigand began the quest for the
                  | Orb.
     0 | D:1      | Reached XP level 1. HP: 11/11 MP: 2/2
    23 | D:1      | Reached skill level 1 in Dodging
    45 | D:1      | Reached skill level 5 in Stealth
   227 | D:1      | Reached XP level 2. HP: 15/15 MP: 3/3
   511 | D:1      | Found Gohaxoem's Antique Weapon Emporium.
   639 | D:1      | Found Bepaq's Antique Weapon Emporium.
   837 | D:1      | Reached XP level 3. HP: 18/18 MP: 4/4
  1246 | D:2      | Reached skill level 6 in Stealth
  1549 | D:2      | Noticed Jessica
  1578 | D:2      | Killed Jessica
  1579 | D:2      | Reached XP level 4. HP: 23/23 MP: 5/5
  1910 | D:2      | Noticed Natasha
  1915 | D:2      | Killed from afar by Natasha

Illustrated notes

Levels and vault maps discovered:
D:1:      beargit_arrival_diablo_church, layout_basic, serial_shops,
          shop_fountains, shop, ebering_dispersal_statue_hall
D:2:      layout_loops_ring, chequers_serial_rivers_small_3, uniq_jessica,
          uniq_natasha

Skill      XL: |  1  2  3 |
---------------+----------+-----
Dodging        | 1 |  1.2
Stealth        | 5 6 |  6.5
Throwing       | 2 |  2.0
Fighting       | 2 |  2.1
Short Blades   | 2 |  2.0

Action                     |  1- 3 |  4- 6 || total
---------------------------+-------+-------++-------
  Melee: Dagger            |    75 |     6 ||    81
         Bite              |     9 |     2 ||    11
         Punch             |     2 |       ||     2
  Throw: Dart              |     6 |       ||     6
    Use: Scroll            |     3 |       ||     3
   Stab: Sleeping          |    16 |     1 ||    17
         Distracted        |     2 |       ||     2
 Armour: Robe              |    18 |     7 ||    25
  Dodge: Dodged            |    30 |     1 ||    31

Table legend: (Time is in decaauts)
 A = Elapsed time spent in this place.
 B = Non-inter-level travel time spent in this place.
 C = Inter-level travel time spent in this place.
 D = Time resting spent in this place.
 E = Time spent auto-exploring this place.
 F = Levels seen in this place.
 G = Mean time per level.
                   A        B        C        D        E       F      G
               +--------+--------+--------+--------+--------+-----+--------+
         Total |   1911 |   1901 |     10 |    230 |    735 |   2 |  955.5 |
       Dungeon |   1911 |   1901 |     10 |    230 |    735 |   2 |  955.5 |
               +--------+--------+--------+--------+--------+-----+--------+

Top non-repeatable levels by time:
     D:1: 1097 daAuts
     D:2: 814 daAuts
